 Dungeon Crawl Stone Soup version 0.26-a0-597-gb535b0901c (webtiles) character file.

Game seed: 8805852650874427587

192175 vurker the Gelid (level 18, -12/131 HPs)
             Began as an Octopode Ice Elementalist on Sept 8, 2020.
             Was the Champion of Vehumet.
             Killed by the air
             ... invoked by a wind drake
              (15 damage)
             ... on level 4 of the Shoals.
             The game lasted 00:59:32 (42109 turns).

vurker the Gelid (Octopode Ice Elementalist)       Turns: 42109, Time: 00:59:33

Health: -12/131    AC:  7    Str:  8    XL:     18   Next: 67%
Magic:  44/48      EV: 17    Int: 30    God:    Vehumet [******]
Gold:   1603       SH:  5    Dex: 13    Spells: 20/52 levels left

rFire    x . .     SeeInvis +   l - +4 demon blade (elec)
rCold    + . .     Faith    .   L - +0 buckler
rNeg     . . .     Spirit   .   o - +2 hat
rPois    +         Reflect  .   Q - amulet of magic regeneration
rElec    .         Harm     .   h - +4 ring of protection
rCorr    +                      S - ring of magical power
MR       +....                  w - +6 ring of intelligence
Stlth    ++++......             C - ring of resist corrosion
HPRegen  0.31/turn              R - ring of see invisible
MPRegen  0.56/turn              y - +4 ring of evasion
                                I - ring of poison resistance
                                N - ring of ice

@: lethally poisoned (-12 -> -18), no potions
A: almost no armour, stealthy swim, amphibious, 8 rings, constrict 8, camouflage
1, gelatinous body 1
a: Renounce Religion


You were on level 4 of the Shoals.
You worshipped Vehumet.
Vehumet was exalted by your worship.
You visited 6 branches of the dungeon, and saw 31 of its levels.
You visited the Abyss 1 time.
You visited 2 bazaars.
You also visited: Ice Cave and Volcano.

You collected 3457 gold pieces.
You spent 1854 gold pieces at shops.

Inventory:

Hand Weapons
 l - a +4 demon blade of electrocution (weapon)
   (You took it off Asterion on level 1 of the Spider Nest)
Armour
 o - a +2 hat (worn)
   (You bought it in a shop in a bazaar)
 L - a +0 buckler (worn)
   (You found it on level 11 of the Dungeon)
Magical Staves
 p - an uncursed staff of earth
   (You found it on level 6 of the Dungeon)
 D - an uncursed staff of air
   (You found it on level 4 of the Lair of Beasts)
Jewellery
 h - a +4 ring of protection (left tentacle)
   (You found it on level 15 of the Dungeon)
 r - an uncursed ring of positive energy
   (You found it on level 3 of the Dungeon)
 w - a +6 ring of intelligence (on tentacle)
   (You found it on level 7 of the Dungeon)
 y - a +4 ring of evasion (on tentacle)
   (You found it on level 10 of the Dungeon)
 C - a ring of resist corrosion (on tentacle)
   (You found it on level 8 of the Dungeon)
 I - a ring of poison resistance (on tentacle)
   (You found it on level 10 of the Dungeon)
 N - a ring of ice (on tentacle)
   (You took it off Fannar on level 1 of the Lair of Beasts)
 Q - an amulet of magic regeneration (around mantle)
   (You found it on level 5 of the Lair of Beasts)
 R - a ring of see invisible (on tentacle)
   (You found it on level 6 of the Lair of Beasts)
 S - a ring of magical power (right tentacle)
   (You found it on level 6 of the Lair of Beasts)
Wands
 c - a wand of disintegration (7)
   (You took it off Erolcha on level 9 of the Dungeon)
 d - a wand of iceblast (8)
   (You found it on level 7 of the Dungeon)
 t - a wand of flame (59)
   (You found it on level 4 of the Dungeon)
 u - a wand of paralysis (15)
   (You found it on level 3 of the Lair of Beasts)
 x - a wand of acid (4)
   (You found it on level 8 of the Dungeon)
 T - a wand of polymorph (10)
   (You found it on level 6 of the Lair of Beasts)
Scrolls
 b - 9 scrolls of fear
 f - 8 scrolls of amnesia
 g - 14 scrolls of remove curse
 i - 8 scrolls of teleportation
 j - 2 scrolls of enchant armour
 q - 4 scrolls of immolation
 A - 4 scrolls of fog
 E - 6 scrolls of blinking
 F - 7 scrolls of enchant weapon
 K - 3 scrolls of vulnerability
 M - 2 scrolls of magic mapping
 P - 12 scrolls of identify
 U - 3 scrolls of brand weapon
 V - a scroll of acquirement
Potions
 a - 7 potions of haste
 e - 4 potions of resistance
 k - 5 potions of invisibility
 m - 16 potions of curing
 n - 2 potions of brilliance
 s - 6 potions of flight
 v - 6 potions of lignification
 z - a potion of cancellation
 B - 6 potions of mutation
 G - 10 potions of ambrosia
 H - 7 potions of heal wounds
 O - 5 potions of magic


   Skills:
 + Level 14.2 Fighting
 - Level 2.0 Dodging
 - Level 2.6 Stealth
 - Level 4.0 Shields
 * Level 17.8 Spellcasting
 - Level 3.0 Conjurations
 - Level 3.0 Summonings
 * Level 19.3 Ice Magic
 * Level 7.2 Earth Magic


You had 20 spell levels left.
You knew the following spells:

 Your Spells              Type           Power        Failure   Level
a - Ozocubu's Refrigerat  Ice            ########..   1%          6
b - Frozen Ramparts       Ice            ######       0%          3
c - Hailstorm             Conj/Ice       #######.     1%          4
d - Summon Ice Beast      Ice/Summ       #######.     1%          4
e - Shatter               Erth           ######....   100%        9
p - Apportation           Tloc           ####..       1%          1
q - Irradiate             Conj/Tmut      #####.....   7%          5

Your spell library contained the following spells:

 Spells                   Type           Power        Failure   Level
 Lehudib's Crystal Spear  Conj/Erth      ######....   95%         8
 Chain Lightning          Conj/Air       #####.....   100%        8
 Tornado                  Air            ####......   100%        9
 Freeze                   Ice            ####         0%          1
 Ozocubu's Armour         Ice            ########     0%          3
 Animate Skeleton         Necr           ####..       1%          1
 Corona                   Hex            ####...      1%          1
 Summon Small Mammal      Summ           ####         1%          1
 Call Imp                 Summ           #####...     1%          2
 Call Canine Familiar     Summ           #####...     1%          3
 Conjure Flame            Conj/Fire      #####...     1%          3
 Mephitic Cloud           Conj/Pois/Air  ####....     1%          3
 Blink                    Tloc           N/A          2%          2
 Poisonous Vapours        Pois/Air       ####..       2%          2
 Summon Guardian Golem    Hex/Summ       #####...     2%          3
 Leda's Liquefaction      Hex/Erth       #####.....   3%          4
 Bolt of Magma            Conj/Fire/Erth #####.....   3%          5
 Iskenderun's Battlesphe  Conj           #####...     3%          5
 Freezing Cloud           Conj/Ice/Air   #######...   3%          6
 Gell's Gravitas          Tloc           ####......   4%          3
 Lesser Beckoning         Tloc           ####......   4%          3
 Teleport Other           Tloc           ####....     4%          3
 Tukima's Dance           Hex            ####....     4%          3
 Summon Lightning Spire   Summ/Air       #####...     9%          4
 Iron Shot                Conj/Erth      ######....   9%          6
 Summon Demon             Summ           #####.....   13%         5
 Passage of Golubria      Tloc           N/A          16%         4
 Summon Forest            Summ/Tloc      #####.....   24%         5
 Summon Mana Viper        Hex/Summ       #####...     24%         5
 Conjure Ball Lightning   Conj/Air       #####.....   32%         6
 Alistair's Intoxication  Tmut/Pois      ####.....    41%         5
 Statue Form              Tmut/Erth      #####....    50%         6
 Shadow Creatures         Summ           N/A          56%         6
 Orb of Destruction       Conj           #####.....   65%         7
 Spellforged Servitor     Conj/Summ      #####.....   65%         7
 Invisibility             Hex            ####....     94%         6
 Summon Hydra             Summ           #####.....   98%         7


Dungeon Overview and Level Annotations

Branches:
Dungeon (15/15)            Temple (1/1) D:5            Lair (6/6) D:8
 Shoals (4/4) Lair:4       Spider (3/4) Lair:2        Slime (0/5) Lair:6
    Orc (2/2) D:12            Elf (0/3) Orc:2        Vaults (0/5) D:13
 Depths (0/5) D:15          IceCv (visited)         Volcano (visited)

Altars:
Cheibriados
Dithmenos
Elyvilon
Fedhas
Gozag
Hepliaklqana
Kikubaaqudgha
Makhleb
Nemelex Xobeh
Trog
Uskayaw
Vehumet
Wu Jian
Xom
Yredelemnul
Zin
The Shining One
Beogh

Shops:
D:4 }   D:5 :   Orc:2 (}:!


Innate Abilities, Weirdness & Mutations

You cannot wear most types of armour.
You are very stealthy in the water. (Stealth+)
You are amphibious.
You can wear up to eight rings at the same time.
You can use your tentacles to constrict eight enemies at once.
Your skin changes colour to match your surroundings (Stealth+).
Your rubbery body absorbs attacks. (AC +1, EV +1)


Message History

The merfolk aquamancer blinks!
The merfolk impaler hits you from afar with a +1 trident of venom!!
You are poisoned.
The wind drake hisses angrily.
Found a barnacled rune of Zot.
There are monsters nearby!
There are monsters nearby!
You feel a surge of power!
The heat is drained from your surroundings.
You resist.
You feel very cold. The monsters around you are frozen!
You kill the manticore!
Vehumet accepts your kill.
You feel sick. The wind drake flaps its wings at you.
The air twists around and strikes you!
* * * LOW HITPOINT WARNING * * *
The merfolk impaler barely misses you.
The merfolk javelineer throws a javelin.
The javelin pierces through you!!
* * * LOW HITPOINT WARNING * * *
The cyclops throws a large rock.
The large rock misses you. You block the merfolk impaler's attack.
The merfolk impaler misses you.
The merfolk aquamancer gestures at you while chanting.
You block the torrent of water.
The wave splashes down.
You hear a screech!
You hear a shout!
You feel a surge of power!
The heat is drained from your surroundings.
You resist.
You feel very cold. The monsters around you are frozen!
You kill the cyclops!
Vehumet accepts your kill.
You feel your power returning.
You hear a splash.
You kill the merfolk aquamancer!
Vehumet accepts your kill.
You feel your power returning.
You hear a splash. x2
You kill the merfolk impaler!
Vehumet accepts your kill.
You feel your power returning.
You hear a splash. x2
You feel sick.
The merfolk javelineer throws a javelin.
The javelin closely misses you.
The merfolk impaler hits you from afar with a +1 trident of venom!
* * * LOW HITPOINT WARNING * * *
The merfolk impaler hits you from afar with a +3 trident of venom!!
* * * LOW HITPOINT WARNING * * *
The wind drake flaps its wings at you. The air twists around and strikes you!
You die...

.............≈≈≈≈≈######...#.....
##............≈≈≈##...##...#..)..
)##)...........≈≈#.....#...#)....
..#..............')†|..#...##...#
.)'..............#..)..##########
.≈#...(..........##...##.#### #.
.##..............(#####.....####.
##≈≈...........≈≈≈...≈≈≈.......##
≈≈≈≈≈.(.≈≈.)...≈@≈.≈≈≈≈≈≈≈.....#
≈≈≈≈≈≈#####...##'##≈≈≈≈≈≈≈≈≈≈..##
≈≈≈≈≈## ##.##≈mm##≈≈≈≈≈≈≈≈≈≈...
≈≈≈≈≈# #≈#)≈)§≈#≈≈≈≈≈≈≈≈≈≈...
≈≈≈≈≈+ #≈#(mφk≈#≈≈.≈≈≈≈≈≈≈≈≈≈
≈≈≈≈≈# #≈#≈≈†≈≈#≈≈≈≈≈≈≈≈≈≈≈≈≈
≈≈≈≈≈# ##≈##≈≈≈##≈≈≈≈≈≈≈≈≈≈≈≈≈
≈≈≈≈≈≈ ####≈≈≈#####≈≈≈≈≈≈≈≈≈≈≈≈≈≈
≈≈≈≈≈≈≈≈≈≈≈≈≈≈≈≈≈≈≈≈≈≈≈≈≈≈≈


You could see 2 merfolk impalers, a merfolk javelineer and a wind drake (repels
missiles).

Vanquished Creatures
  Mara (Shoals:4)
  Nikola (Shoals:1)
  Rupert (D:12)
  Asterion (Spider:1)
  A kraken (Shoals:2)
  A tentacled starspawn (Abyss:2)
  Kirke (D:12)
  An orc warlord (Orc:2)
  Louise (D:14)
  A very ugly thing (Abyss:3)
  An entropy weaver (Spider:2)
  An ophan (Abyss:3)
  4 merfolk javelineers
  A green death (Abyss:3)
  An ettin (Orc:2)
  2 fire dragons (Lair:6)
  9 merfolk impalers
  Harold (D:7)
  Erolcha (D:9)
  6 hydras
  A vault guard (D:13)
  Fannar (Lair:1)
  6 merfolk aquamancers
  6 merfolk avatars
  4 two-headed ogres
  Erica (D:8)
  2 alligator snapping turtles (Shoals:4)
  2 centaur warriors (D:15)
  2 satyrs
  Urug (D:10)
  A wretched star (Abyss:3)
  2 fire crabs
  9 sea snakes
  9 skeletal warriors
  An unseen horror (D:13)
  A glowing orange brain (D:15)
  2 starcursed masses (Abyss:2)
  A swamp dragon (Lair:6)
  A lindwurm (shapeshifter) (D:15)
  8 harpies
  10 orc knights
  15 wolf spiders
  3 deep elf magi
  Pikel (D:4)
  A harpy (shapeshifter) (D:13)
  3 lindwurms
  3 orc sorcerers
  10 orb spiders
  11 fauns
  3 oklob plants (Lair:6)
  18 ugly things
  6 cyclopes
  2 worldbinders
  A black mamba (Lair:5)
  11 merfolk sirens
  6 elephants (Lair:5)
  16 manticores
  3 water nymphs
  2 centaur zombies
  6 cane toads
  2 smoke demons
  6 torpor snails (Lair:6)
  2 gargoyles
  3 large abominations
  An efreet (D:12)
  2 ancient zymes
  3 rime drakes
  A freezing wraith (D:15)
  3 komodo dragons
  5 demonic crawlers
  10 trolls
  9 meliai
  13 jumping spiders
  4 wind drakes
  A queen bee (D:9)
  A polar bear (Lair:6)
  27 merfolk
  A harpy skeleton (D:14)
  3 tyrant leeches (Lair:6)
  11 hippogriffs
  13 hornets
  8 snapping turtles
  10 blink frogs
  9 dream sheep
  12 slime creatures
  2 centaur simulacra
  3 flying skulls (Abyss:3)
  33 redbacks
  20 tarantellas
  16 water elementals
  4 wyverns
  4 shadows
  66 yaks
  4 fire bats (Volcano)
  A vampire (D:15)
  A ynoxinul (Abyss:2)
  8 basilisks
  Eustachio (D:6)
  A golden eye (shapeshifter) (D:15)
  A neqoxec (Abyss:3)
  6 hogs (D:12)
  5 wargs
  A chaos spawn (Abyss:3)
  5 steam dragons
  Edmund (D:6)
  A harpy simulacrum (IceCv)
  2 acid dragons
  2 insubstantial wisps
  12 water moccasins
  3 hell hounds (Volcano)
  8 porcupines
  4 ice beasts
  A phantom (D:5)
  3 swamp drakes (Lair:6)
  6 sky beasts
  An eye of draining (D:12)
  53 orc warriors
  10 ogres
  4 black bears
  9 wolves
  10 centaurs
  A lemure (D:4)
  11 crocodiles
  13 bullfrogs
  3 big kobolds
  3 wyvern zombies
  4 scorpions
  2 wyvern skeletons (D:14)
  4 small abominations
  30 killer bees
  11 wights
  4 electric eels
  6 hounds
  10 jellies
  2 quasits
  A bullfrog skeleton (D:11)
  22 orc priests
  10 bullfrog zombies
  2 iron imps
  A gnoll shaman (D:7)
  33 orc wizards
  Crazy Yiuf (D:6)
  3 centaur skeletons
  6 iguanas
  A troll simulacrum (IceCv)
  9 worker ants
  2 killer bee zombies (D:5)
  Robin (D:2)
  A worker ant zombie (D:5)
  9 adders
  10 gnolls
  2 howler monkey skeletons
  An ogre simulacrum (IceCv)
  2 shadow imps
  5 white imps
  6 ufetubi
  12 oozes
  2 adder skeletons
  2 worms
  8 dart slugs
  3 leopard geckos
  115 orcs
  3 ball pythons
  7 bats
  7 giant cockroaches
  5 goblins (D:2)
  11 hobgoblins
  4 jackals
  18 kobolds
  7 quokkas
  3 frilled lizards
  A giant cockroach zombie (D:6)
  A jackal skeleton (D:6)
  A leopard gecko skeleton (D:4)
  A leopard gecko zombie (D:6)
  8 rats
  A bush (Lair:6)
  2 tentacles (Shoals:2)
1155 creatures vanquished.

Vanquished Creatures (collateral kills)
  A skeletal warrior (D:15)
  Psyche (D:9)
  A hippogriff (D:9)
  2 yaks
  An insubstantial wisp (D:8)
  A porcupine (D:8)
  2 ice beasts (D:9)
  An orc warrior (D:7)
  An ogre (D:7)
  A crocodile (D:8)
  A wight (D:8)
  A shadow imp (D:9)
  2 orcs
16 creatures vanquished.

Vanquished Creatures (others)
  A white imp (IceCv)
  78 fungi
  245 plants
  2 starspawn tentacles (Abyss:2)
  2 tentacles (Shoals:2)
328 creatures vanquished.

Grand Total: 1499 creatures vanquished

Notes
Turn   | Place    | Note
-------+----------+-------------------------------------------
     0 | D:1      | vurker the Octopode Ice Elementalist began the quest for
                  | the Orb.
     0 | D:1      | Reached XP level 1. HP: 11/11 MP: 3/3
   195 | D:1      | Reached XP level 2. HP: 18/18 MP: 3/5
  1573 | D:2      | Noticed Robin
  1619 | D:2      | Reached XP level 3. HP: 22/22 MP: 4/6
  1662 | D:2      | Killed Robin
  1662 | D:2      | Reached skill level 1 in Fighting
  1723 | D:1      | Learned a level 3 spell: Frozen Ramparts
  2023 | D:2      | Reached XP level 4. HP: 28/28 MP: 5/8
  2093 | D:2      | Learned a level 4 spell: Hailstorm
  2339 | D:3      | Reached skill level 1 in Conjurations
  2359 | D:3      | Reached XP level 5. HP: 31/33 MP: 5/9
  2528 | D:3      | Reached skill level 5 in Ice Magic
  3317 | D:4      | Found Dassul's Gadget Shoppe.
  3377 | D:4      | Reached XP level 6. HP: 35/39 MP: 7/11
  3415 | D:4      | Learned a level 4 spell: Summon Ice Beast
  3782 | D:4      | Reached skill level 1 in Summonings
  3831 | D:4      | Noticed Pikel
  3840 | D:4      | Killed Pikel
  3840 | D:4      | Reached XP level 7. HP: 27/46 MP: 4/13
  3846 | D:4      | Reached skill level 6 in Ice Magic
  3971 | D:4      | Found a hazy altar of Hepliaklqana.
  4276 | D:4      | Reached XP level 8. HP: 48/52 MP: 11/14
  4502 | D:5      | Entered Level 5 of the Dungeon
  4627 | D:5      | Found Wusux's Book Emporium.
  4667 | D:5      | Reached skill level 5 in Spellcasting
  4875 | D:5      | Found a bloodstained altar of Trog.
  5284 | D:5      | Found a staircase to the Ecumenical Temple.
  5290 | D:5      | Reached skill level 7 in Ice Magic
  5294 | Temple   | Entered the Ecumenical Temple
  5448 | Temple   | Became a worshipper of Vehumet
  6508 | D:6      | Reached XP level 9. HP: 59/59 MP: 9/18
  6654 | D:6      | Noticed Edmund
  6669 | D:6      | Killed Edmund
  6827 | D:6      | Noticed Eustachio
  6835 | D:6      | Killed Eustachio
  7321 | D:6      | Found a runed translucent door.
  7322 | D:6      | Noticed Crazy Yiuf
  7424 | D:6      | Killed Crazy Yiuf
  7604 | D:7      | Reached skill level 5 in Fighting
  7604 | D:7      | Reached skill level 8 in Ice Magic
  8402 | D:7      | Reached * piety under Vehumet
  8402 | D:7      | Offered knowledge of Sandblast by Vehumet.
  8521 | D:7      | Noticed Harold
  8537 | D:7      | Killed Harold
  8775 | D:7      | Reached skill level 9 in Ice Magic
  9135 | D:8      | Reached XP level 10. HP: 58/68 MP: 15/21
  9575 | D:8      | Found a staircase to the Lair.
  9638 | D:8      | Noticed Erica
  9664 | D:8      | Killed Erica
  9664 | D:8      | Reached skill level 10 in Ice Magic
 10721 | D:8      | Offered knowledge of Foxfire by Vehumet.
 11393 | D:8      | Reached ** piety under Vehumet
 11533 | D:8      | Found a roughly hewn altar of Beogh.
 12158 | D:8      | Reached XP level 11. HP: 75/75 MP: 3/24
 12398 | D:8      | Found a staircase to the Lair.
 12758 | D:8      | Found a roughly hewn altar of Beogh.
 12969 | D:9      | Offered knowledge of Dazzling Flash by Vehumet.
 13142 | D:9      | Reached *** piety under Vehumet
 13360 | D:9      | Reached skill level 11 in Ice Magic
 13582 | D:9      | Noticed Erolcha
 13588 | D:9      | Killed Erolcha
 13974 | D:9      | Offered knowledge of Stone Arrow by Vehumet.
 13981 | D:9      | Reached skill level 10 in Spellcasting
 14282 | D:9      | Reached **** piety under Vehumet
 14287 | D:9      | Offered knowledge of Ignite Poison by Vehumet.
 14586 | D:9      | Noticed Psyche
 14594 | D:9      | Killed Psyche
 14763 | D:10     | Entered Level 10 of the Dungeon
 14807 | D:10     | Found a glowing golden altar of the Shining One.
 15393 | D:10     | Noticed Urug
 15404 | D:10     | Killed Urug
 15404 | D:10     | Reached skill level 12 in Ice Magic
 15404 | D:10     | Reached XP level 12. HP: 33/84 MP: 9/26
 15898 | D:11     | Learned a level 1 spell: Apportation
 15912 | D:11     | Noticed an eight-headed hydra
 15920 | D:11     | Killed an eight-headed hydra
 17060 | D:11     | Reached ***** piety under Vehumet
 17060 | D:11     | Offered knowledge of Freezing Cloud by Vehumet.
 17394 | D:5      | Bought the Papyrus of Frigorific Flight for 819 gold pieces
 17401 | D:5      | Learned a level 6 spell: Ozocubu's Refrigeration
 17518 | Lair:1   | Entered Level 1 of the Lair of Beasts
 17520 | Lair:1   | Reached skill level 1 in Shields
 18024 | Lair:1   | Noticed Fannar
 18567 | Lair:1   | Killed Fannar
 18948 | Lair:2   | Reached skill level 13 in Ice Magic
 19088 | Lair:2   | Found a shimmering altar of Xom.
 19545 | Lair:2   | Found a hole to the Spider Nest.
 20261 | Lair:3   | Found a dark tunnel.
 20264 | Lair:3   | Reached XP level 13. HP: 90/90 MP: 12/29
 20361 | Volcano  | Entered a volcano
 22130 | Lair:4   | Found a staircase to the Shoals.
 22791 | Lair:4   | Offered knowledge of Lightning Bolt by Vehumet.
 23276 | Lair:5   | Reached skill level 10 in Fighting
 23391 | Lair:5   | Reached skill level 14 in Ice Magic
 23737 | Lair:6   | Entered Level 6 of the Lair of Beasts
 24097 | Lair:6   | Reached XP level 14. HP: 99/99 MP: 26/31
 24910 | Lair:6   | Found a staircase to the Slime Pits.
 24963 | Lair:6   | Reached skill level 15 in Ice Magic
 25285 | Lair:6   | Found a runed translucent door.
 25446 | Lair:6   | Offered knowledge of Lee's Rapid Deconstruction by Vehumet.
 26114 | D:12     | Noticed Kirke
 26119 | D:12     | Killed Kirke
 26123 | D:12     | Found a flickering gateway to a bazaar.
 26128 | Bazaar   | Entered a bazaar
 26158 | Bazaar   | Found Lurha's Antique Weapon Boutique.
 26176 | Bazaar   | Found Kepof's Antique Weapon Emporium.
 26193 | Bazaar   | Found Qasall's Assorted Antiques.
 26198 | Bazaar   | Bought a scroll labeled VONLENETHRE for 42 gold pieces
 26211 | Bazaar   | Found Ugysolau's Assorted Antiques.
 26216 | Bazaar   | Bought a scroll labeled MUOCEI CESOGE for 21 gold pieces
 26234 | Bazaar   | Bought a scroll of teleportation for 63 gold pieces
 26234 | Bazaar   | Bought a potion of magic for 168 gold pieces
 26299 | D:12     | Found a staircase to the Orcish Mines.
 26859 | D:12     | Noticed Rupert
 26863 | D:12     | Killed Rupert
 26863 | D:12     | Reached XP level 15. HP: 107/107 MP: 18/33
 27152 | Orc:1    | Entered Level 1 of the Orcish Mines
 27938 | Orc:2    | Entered Level 2 of the Orcish Mines
 27940 | Orc:2    | Reached skill level 16 in Ice Magic
 27941 | Orc:2    | Noticed an orc warlord
 27948 | Orc:2    | Killed an orc warlord
 28026 | Orc:2    | Reached ****** piety under Vehumet
 28294 | Orc:2    | Offered knowledge of Irradiate by Vehumet.
 28416 | Orc:2    | Learned a level 5 spell: Irradiate
 28888 | Orc:2    | Found Celeacoz's Gadget Shoppe.
 28888 | Orc:2    | Found Zeceot's Weapon Shop.
 28922 | Orc:2    | Found a roughly hewn altar of Beogh.
 29206 | Orc:2    | Found a staircase to the Elven Halls.
 29329 | Orc:2    | Found Kialeg's Distillery.
 29329 | Orc:2    | Found Jamed's Book Shop.
 29728 | D:13     | Found a flickering gateway to a bazaar.
 29737 | Bazaar   | Entered a bazaar
 29737 | Bazaar   | Found Pooku's Antique Armour Emporium.
 29737 | Bazaar   | Found Onitzet's Assorted Antiques.
 29737 | Bazaar   | Found Fosian's General Store.
 29737 | Bazaar   | Found Ficaill's Distillery.
 29737 | Bazaar   | Found Zamihy's Armour Emporium.
 29757 | Bazaar   | Bought a potion of heal wounds for 65 gold pieces
 29757 | Bazaar   | Bought a potion of heal wounds for 65 gold pieces
 29757 | Bazaar   | Bought a potion of magic for 104 gold pieces
 29757 | Bazaar   | Bought a potion of mutation for 104 gold pieces
 29759 | Bazaar   | Bought a scroll of teleportation for 108 gold pieces
 29762 | Bazaar   | Bought a glowing hat for 175 gold pieces
 29769 | Bazaar   | Bought a potion of heal wounds for 30 gold pieces
 29769 | Bazaar   | Bought a potion of heal wounds for 30 gold pieces
 29769 | Bazaar   | Bought a potion of haste for 60 gold pieces
 30057 | D:13     | Reached skill level 15 in Spellcasting
 30408 | D:13     | Found a gate to the Vaults.
 31097 | D:14     | Noticed Louise
 31100 | D:14     | Cast into level 2 of the Abyss (Louise)
 31182 | Abyss:2  | Noticed a tentacled starspawn
 31184 | Abyss:2  | Killed a tentacled starspawn
 31479 | Abyss:3  | Offered knowledge of Starburst by Vehumet.
 31727 | Abyss:3  | Reached XP level 16. HP: 83/115 MP: 20/35
 31742 | Abyss:3  | Reached skill level 17 in Ice Magic
 31751 | D:14     | Escaped the Abyss
 31754 | D:14     | Killed Louise
 32469 | D:15     | Entered Level 15 of the Dungeon
 33566 | D:15     | Offered knowledge of Fireball by Vehumet.
 34002 | D:15     | Found a staircase to the Depths.
 34582 | Spider:1 | Entered Level 1 of the Spider Nest
 35412 | Spider:1 | Noticed Asterion
 35415 | Spider:1 | Reached skill level 18 in Ice Magic
 35416 | Spider:1 | Killed Asterion
 35416 | Spider:1 | Reached XP level 17. HP: 122/122 MP: 32/37
 36157 | Spider:2 | Offered knowledge of Ignition by Vehumet.
 37115 | Lair:4   | Learned a level 9 spell: Shatter
 37116 | Shoals:1 | Entered Level 1 of the Shoals
 37116 | Shoals:1 | Noticed Nikola
 37122 | Shoals:1 | Killed Nikola
 37122 | Shoals:1 | Reached skill level 1 in Earth Magic
 38502 | Shoals:2 | Offered knowledge of Lehudib's Crystal Spear by Vehumet.
 38502 | Shoals:2 | Offered knowledge of Chain Lightning by Vehumet.
 38502 | Shoals:2 | Offered knowledge of Tornado by Vehumet.
 38955 | Shoals:2 | Noticed a kraken
 38960 | Shoals:2 | Killed a kraken
 39296 | Shoals:3 | Found a frozen archway.
 39323 | IceCv    | Entered an ice cave
 40103 | Shoals:3 | Reached XP level 18. HP: 130/130 MP: 39/39
 40130 | Shoals:3 | Reached skill level 5 in Earth Magic
 40633 | Shoals:4 | Entered Level 4 of the Shoals
 40921 | Shoals:4 | Noticed Mara
 40925 | Shoals:4 | Killed Mara
 40925 | Shoals:4 | Reached skill level 19 in Ice Magic
 41999 | Shoals:4 | Got an ancient long sword
 42002 | Shoals:4 | Identified the +5 long sword of Distant Worlds {flame,
                  | rElec SInv Stlth+} (You found it on level 4 of the Shoals)
 42109 | Shoals:4 | HP: 3/131 [merfolk impaler/+3 trident of venom (22)]
 42109 | Shoals:4 | Killed from afar by a wind drake

Illustrated notes

Levels and vault maps discovered:
D:1:      evilmike_arrival_plus, layout_rooms, serial_forest,
          infiniplex_forest_lined_4_way, infiniplex_forest_clump_diagonal,
          infiniplex_forest_straight_2, infiniplex_forest_clump_double,
          infiniplex_forest_clump_double, infiniplex_forest_clump_small,
          hangedman_decor_push
D:2:      layout_loops_corners, uniq_robin
D:3:      layout_loops_ring, dk_vineyard_2
D:4:      minmay_chambers_of_threes, layout_gridville, serial_shops,
          nicolae_shop_waterfront, minmay_ruined_shrine, uniq_pikel
D:5:      layout_basic, lemuel_crystal_altar, temple_green, serial_shops, shop,
          st_stairs_5, minmay_misc_feat_enclosed
D:6:      layout_basic, uniq_eustachio, uniq_crazy_yiuf_cottage, uniq_edmund
D:7:      layout_gridville, corexii_item_surrounded_by_moat, uniq_harold
D:8:      layout_basic, minmay_lair_entry_grove, special_room
          [special_room_orc], hangedman_misty_isle, uniq_erica
D:9:      layout_basic, special_room [special_room_bee], roderic_roman_lattice,
          uniq_erolcha, uniq_psyche
D:10:     layout_rooms, nicolae_tso_carved_into_rock, uniq_urug
D:11:     layout_basic
D:12:     layout_long_grid, david_orc_2, serial_shops, bzr_entry_road,
          uniq_rupert, uniq_kirke
D:13:     layout_long_grid, david_vaults_5, serial_shops, bzr_entry_dummy
D:14:     layout_gridville, corexii_corridor_pit, uniq_louise
D:15:     gammafunk_enter_depths_forms, layout_loops_ring
Temple:   roderic_octagonal_lattice_temple
Lair:1:   layout_gridlike, minmay_holes, uniq_fannar
Lair:2:   layout_concentric_octagons, spider_nest_entry_webs, basic_altar
Lair:3:   layout_hall_layers, nicolae_volcano_entry_lava_flow,
          grunt_megastairs_4, infiniplex_staircase_pool_2
Lair:4:   lemuel_slime, layout_gridlike, elwin_shoals_entry_rooms,
          grunt_megastairs_5
Lair:5:   layout_roguey, serial_rivers, chequers_serial_rivers_large_a,
          chequers_serial_rivers_micro_d, chequers_serial_rivers_small_a,
          chequers_serial_rivers_micro_e, chequers_serial_rivers_micro_c,
          grunt_forest_small_clearings
Lair:6:   wormcave, layout_gridlike, guppyfry_lair_end_dragon,
          minmay_slime_entry_pillars, serial_bayou_shore_b,
          minmay_lair_oklob_chamber
Shoals:1: layout_shoals, overgrown_hall, uniq_nikola
Shoals:2: layout_shoals, nicolae_shoals_dead_sea_scrolls
Shoals:3: layout_shoals, portal_ice_cave_entry_pillars_three
Shoals:4: shoals_end_simple, layout_shoals, uniq_mara
Spider:1: layout_spider_delve, uniq_asterion
Spider:2: layout_spider_delve
Spider:3: layout_spider_delve
Orc:1:    layout_caves
Orc:2:    st_orc_town, layout_caves, minmay_orc_keep

Skill      XL: |  1  2  3  4  5  6  7  8  9 10 11 12 13 14 15 16 17 18 |
---------------+-------------------------------------------------------+-----
Fighting       | 1 2 3 4 5 7 8 9 10 11 12 13 14 | 14.2
Spellcasting   | 3 4 6 7 9 10 12 13 14 15 16 17 | 17.8
Conjurations   | 1 3 |  3.0
Ice Magic      | 5 6 7 9 10 12 13 14 15 16 18 19 | 19.3
Summonings     | 2 3 |  3.0
Shields        | 3 4 |  4.0
Earth Magic    | 4 7 |  7.2
Dodging        | |  2.0
Stealth        | |  2.6

Action                   |  1- 3 |  4- 6 |  7- 9 | 10-12 | 13-15 | 16-18 || total
-------------------------+-------+-------+-------+-------+-------+-------++-------
Melee: Unarmed           |    30 |       |       |       |       |       ||    30
       Constrict         |    15 |    17 |    24 |    11 |     5 |     3 ||    75
       Tentacles         |     5 |     7 |    15 |    10 |     7 |     9 ||    53
       Dagger            |     7 |    53 |       |       |       |       ||    60
       Whip              |       |       |    96 |    72 |    55 |       ||   223
       Demon trident     |       |       |       |       |       |    45 ||    45
       Demon blade       |       |       |       |       |       |     8 ||     8
 Cast: Freeze            |    30 |    19 |     7 |    36 |       |       ||    92
       Frozen Ramparts   |       |    12 |    25 |    44 |     2 |       ||    83
       Hailstorm         |       |       |    33 |   112 |     3 |    22 ||   170
       Summon Ice Beast  |       |       |    10 |    41 |     7 |    14 ||    72
       Ozocubu's Refrige |       |       |       |    48 |   492 |   476 ||  1016
Evoke: Wand              |       |       |       |     6 |     2 |    10 ||    18
  Use: Scroll            |       |     8 |    17 |     8 |     9 |     3 ||    45
       Potion            |       |       |       |     2 |     1 |       ||     3
 Stab: Sleeping          |     8 |     6 |     7 |     1 |       |     1 ||    23
Armor: Skin              |     2 |     1 |     3 |     4 |     5 |    15 ||    30
Dodge: Dodged            |    36 |    56 |    91 |   125 |    96 |    76 ||   480
Block: Buckler           |       |       |       |       |    24 |    26 ||    50
       Rpst.: Demon blade |       |       |       |       |       |     3 ||     3

Table legend: (Time is in decaauts)
 A = Elapsed time spent in this place.
 B = Non-inter-level travel time spent in this place.
 C = Inter-level travel time spent in this place.
 D = Time resting spent in this place.
 E = Time spent auto-exploring this place.
 F = Levels seen in this place.
 G = Mean time per level.
                   A        B        C        D        E       F      G
               +--------+--------+--------+--------+--------+-----+--------+
         Total |  42167 |  40214 |   1953 |   1022 |  34040 |  37 | 1139.6 |
       Dungeon |  22792 |  21672 |   1120 |    673 |  17869 |  15 | 1519.5 |
        Temple |    170 |    155 |     15 |      0 |    150 |   1 |  170.0 |
          Lair |   8148 |   7829 |    319 |     67 |   7121 |   6 | 1358.0 |
        Shoals |   4889 |   4769 |    120 |    109 |   4219 |   4 | 1222.2 |
   Spider Nest |   2459 |   2194 |    265 |     80 |   1899 |   3 |  819.7 |
  Orcish Mines |   2367 |   2254 |    113 |     93 |   1718 |   2 | 1183.5 |
         Abyss |    651 |    651 |      0 |      0 |    506 |   2 |  325.5 |
        Bazaar |    173 |    173 |      0 |      0 |    114 |   2 |   86.5 |
      Ice Cave |    105 |    105 |      0 |      0 |     77 |   1 |  105.0 |
       Volcano |    408 |    408 |      0 |      0 |    367 |   1 |  408.0 |
               +--------+--------+--------+--------+--------+-----+--------+

Top non-repeatable levels by time:
     D:8: 4092 daAuts
  Lair:6: 2070 daAuts
     D:9: 1766 daAuts
    D:15: 1657 daAuts
     D:7: 1614 daAuts
     D:6: 1596 daAuts
  Lair:3: 1551 daAuts
Spider:1: 1478 daAuts
    D:14: 1476 daAuts
Shoals:4: 1475 daAuts
   Orc:2: 1431 daAuts
    D:11: 1428 daAuts
     D:4: 1345 daAuts
     D:2: 1316 daAuts
  Lair:1: 1315 daAuts
